AoeStats
← Gorillum

Arena

505685997Analyzed
4v4 RM · 23d ago on Sep 10, 2026· 49m 5s· 8 players
Game mode
Random Map
Map size
Large (8 player)
Population
200
Speed
Normal
Resources
Standard
Victory
Conquest
Starting age
Dark Age
Ending age
Imperial Age
RankedLock teamsTeams togetherTeam positionsShared explorationLock speedFull tech treeHidden civsTurbo modeCheats
Victory
Defeat
🇹🇼 Saracens · Taiwan
1246
+13
🇪🇸 Vikings · Spain
1172
+16
🇫🇷 Khmer · France
1132
+17
🇫🇷 Mongols · France
1125
+18
🇭🇰 Burgundians · Hong Kong SAR China
1217
-18
🇭🇰 Inca · Hong Kong SAR China
1210
-18
🇨🇳 Wei · China
1131
-14
🇨🇳 Spanish · China
1129
-14
Mampi Yao
10:06 Feudal Age
14:26 Castle Age
12:51 Double-Bit Axe
15:29 Horse Collar
21:41 Stone Mining
23:24 Bow Saw
25:07 Crossbowman
26:37 Fletching
28:03 Fletching
29:17 Bodkin Arrow
30:55 Gold Mining
33:13 Ballistics
35:30 Imperial Age
35:23 Padded Archer Armor
35:44 Heavy Plow
36:26 Gold Shaft Mining
36:42 Loom
37:14 Bracer
38:44 Conscription
38:46 Arbalester
42:14 Chemistry
42:58 Siege Engineers
43:00 Scale Mail Armor
43:35 Bogsveigar
44:43 Elite Berserk
45:41 Chain Mail Armor
46:57 Chieftains
48:04 Squires
Gorillum
10:41 Feudal Age
14:40 Castle Age
13:32 Double-Bit Axe
13:31 Horse Collar
15:22 Loom
17:52 Gold Mining
20:05 Loom
20:52 Fletching
23:13 Bodkin Arrow
23:42 Bloodlines
24:27 Nomads
25:30 Husbandry
28:30 Heavy Plow
28:47 Bow Saw
29:07 Ballistics
29:15 Fortified Wall
29:46 Padded Archer Armor
30:01 Heavy Plow
31:37 Padded Archer Armor
31:19 Light Cavalry
32:09 Scale Barding Armor
33:20 Wheelbarrow
34:28 Leather Archer Armor
36:25 Chain Barding Armor
41:41 Hand Cart
41:53 Murder Holes
43:03 Nomads
50:15 Imperial Age
49:27 Stone Mining
糾結倫
10:06 Feudal Age
14:09 Castle Age
12:13 Double-Bit Axe
13:27 Gold Mining
13:41 Horse Collar
15:14 Loom
24:30 Redemption
25:56 Bow Saw
25:54 Heavy Plow
28:12 Wheelbarrow
31:41 Gold Shaft Mining
34:25 Imperial Age
32:01 Fletching
32:12 Padded Archer Armor
32:54 Stone Mining
32:58 Elite Skirmisher
34:39 Bodkin Arrow
34:59 Leather Archer Armor
35:10 Ballistics
35:50 Bloodlines
35:40 Husbandry
35:05 Light Cavalry
35:29 Heavy Camel Rider
37:20 Chemistry
36:31 Scale Barding Armor
37:35 Bracer
38:47 Siege Engineers
39:38 Scale Barding Armor
41:20 Conscription
42:03 Forging
43:07 Chain Barding Armor
43:23 Iron Casting
45:00 Counterweights
45:26 Hoardings
46:35 Plate Barding Armor
47:01 Blast Furnace
46:31 Ring Archer Armor
48:40 Ring Archer Armor
47:36 Hussar
Carot
10:50 Feudal Age
13:45 Castle Age
11:37 Loom
13:58 Castle Age
12:02 Double-Bit Axe
12:02 Horse Collar
15:21 Bow Saw
16:14 Heavy Plow
19:17 Gold Mining
20:55 Stone Mining
24:56 Wheelbarrow
25:44 Bloodlines
25:35 Husbandry
25:51 Scale Barding Armor
26:57 Forging
28:06 Chain Barding Armor
29:07 Iron Casting
28:30 Elite Skirmisher
29:07 Fletching
30:15 Padded Archer Armor
32:50 Imperial Age
30:38 Bodkin Arrow
31:05 Ballistics
32:39 Leather Archer Armor
35:07 Fortified Wall
35:58 Chemistry
35:04 Siege Engineers
35:23 Cavalier
37:21 Hand Cart
36:52 Town Watch
38:11 Blast Furnace
39:19 Crop Rotation
38:49 Capped Ram
39:46 Siege Ram
41:07 Sanctity
41:39 Light Cavalry
42:59 Plate Barding Armor
42:25 Bracer
42:41 Hussar
44:52 Conscription
justdoing
11:12 Feudal Age
15:11 Castle Age
13:15 Double-Bit Axe
13:52 Horse Collar
15:35 Padded Archer Armor
23:12 Bloodlines
28:45 Leather Archer Armor
28:34 Husbandry
29:21 Wheelbarrow
28:33 Loom
28:51 Gold Mining
34:28 Imperial Age
32:39 Stone Mining
34:52 Hand Cart
34:23 Town Watch
34:50 Bow Saw
35:44 Scale Barding Armor
35:50 Forging
36:33 Ring Archer Armor
37:26 Chemistry
37:03 Scale Barding Armor
36:49 Fletching
38:08 Chain Barding Armor
37:59 Forging
37:57 Light Cavalry
39:34 Plate Barding Armor
39:28 Conscription
38:49 Elite Skirmisher
39:47 Fortified Wall
39:48 Masonry
40:10 Hussar
41:28 Iron Casting
41:36 Bodkin Arrow
41:42 Scale Mail Armor
43:46 Bracer
46:43 Blast Furnace
45:53 Thumb Ring
47:00 Ballistics
北九州最強ACE
10:04 Feudal Age
11:31 Loom
13:46 Castle Age
12:49 Double-Bit Axe
13:20 Horse Collar
13:33 Stone Mining
15:33 Loom
22:15 Scale Mail Armor
23:49 Bow Saw
26:26 Gold Mining
28:24 Gold Shaft Mining
32:36 Imperial Age
29:43 Crossbowman
30:40 Heavy Plow
30:34 Fletching
31:10 Ballistics
32:18 Town Watch
33:09 Wheelbarrow
32:55 Thumb Ring
32:47 Arbalester
36:23 Chemistry
36:21 Conscription
36:27 Bodkin Arrow
36:47 Padded Archer Armor
36:55 Siege Engineers
36:37 Arrowslits
38:13 Crop Rotation
38:27 Bracer
38:43 Leather Archer Armor
38:40 Masonry
39:38 Chain Mail Armor
39:34 Forging
40:58 Hand Cart
41:56 Elite Skirmisher
42:34 Onager
46:30 Squires
46:15 Arson
蒙古铁骑
11:53 Feudal Age
13:05 Double-Bit Axe
15:51 Castle Age
13:50 Gold Mining
14:14 Horse Collar
17:05 Loom
20:15 Imperial Age
19:27 Bow Saw
34:06 Wheelbarrow
37:37 Stone Mining
38:22 Gold Shaft Mining
38:05 Thumb Ring
39:08 Ballistics
40:06 Parthian Tactics
40:06 Conscription
40:22 Tuntian
41:00 Bloodlines
40:50 Husbandry
41:39 Stone Shaft Mining
41:02 Fletching
41:13 Padded Archer Armor
41:43 Bodkin Arrow
43:32 Bracer
43:48 Leather Archer Armor
45:00 Scale Barding Armor
45:05 Forging
44:56 Scale Mail Armor
49:06 Ring Archer Armor
NevErXsTop
3:52 Double-Bit Axe
8:29 Horse Collar
9:26 Loom
11:34 Feudal Age
12:40 Bow Saw
15:22 Castle Age
13:34 Gold Mining
26:33 Two-Man Saw
26:10 Fletching
29:05 Bodkin Arrow
29:58 Padded Archer Armor
29:20 Elite Skirmisher
30:37 Pikeman
31:20 Scale Mail Armor
33:02 Man-at-Arms
33:42 Squires
34:04 Stone Mining
34:50 Gold Shaft Mining
38:32 Imperial Age
36:55 Leather Archer Armor
36:55 Chain Mail Armor
38:59 Capped Ram
43:46 Chemistry
42:27 Treadmill Crane
42:39 Halberdier
44:53 Guilds
45:44 Conscription
45:13 Long Swordsman
Connection lost

Rejoining the realm…

Still unreachable

The connection could not be restored.

Session expired

The server has moved on; the page needs a fresh start.